 Dungeon Crawl Stone Soup version 0.19.1 (webtiles) character file.

4167 Dfrag the Destroyer (level 10, -5/63 HPs)
             Began as a Demonspawn Fire Elementalist on Nov 26, 2016.
             Was a Believer of Makhleb.
             Slain by functor's ghost (13 damage)
             ... in a bailey.
             The game lasted 00:18:06 (6043 turns).

Dfrag the Destroyer (Demonspawn Fire Elementalist)  Turns: 6043, Time: 00:18:06

Health: -5/63      AC:  6    Str:  9    XL:     10   Next: 7%
Magic:  0/31       EV: 11    Int: 22    God:    Makhleb [**....]
Gold:   391        SH:  5    Dex: 16    Spells: 6 memorised, 7 levels left

rFire  + . .     SeeInvis .     t - +0 falchion
rCold  + . .     Gourm    .     a - +0 robe
rNeg   . . .     Faith    .     (no shield)
rPois  +         Spirit   +     z - +2 hat {Int+3}
rElec  +         Reflect  +     y - +0 cloak
rCorr  +         Harm     .     g - +0 pair of gloves
MR     .....                    (no boots)
Stlth  ++........               K - +5 amulet of reflection
                                E - ring of magical power
                                J - ring of flight

@: exhausted, resistant, slowed, very heavily drained, very slow
A: horns 1, thin skeletal structure 1, powered by death 1, magic shield, magic
regeneration
a: Minor Destruction, Renounce Religion, Evoke Flight


You were in a bailey.
You worshipped Makhleb.
Makhleb was pleased with you.
You were not hungry.

You visited 2 branches of the dungeon, and saw 9 of its levels.
You also visited: Bailey.

You collected 391 gold pieces.

Inventory:

Hand Weapons
 t - a +0 falchion (weapon)
Armour
 a - a +0 robe (worn)
 g - a +0 pair of gloves (worn)
 y - a +0 cloak (worn)
 z - a +2 hat of intelligence (worn)
Jewellery
 E - a ring of magical power (right hand)
 J - a ring of flight (left hand)
 K - a +5 amulet of reflection (around neck)
Wands
 H - a wand of lightning (10/15)
 L - a wand of iceblast (9/15)
 M - a wand of iceblast (5/15)
Scrolls
 e - 2 scrolls of fog {unknown}
 i - 6 scrolls of remove curse
 k - 2 scrolls of enchant weapon
 r - a scroll of enchant armour {unknown}
 v - a scroll of fear {unknown}
 w - a scroll of amnesia {unknown}
 A - 2 scrolls of immolation
 C - 2 scrolls of recharging {unknown}
 I - 2 scrolls of noise
Potions
 h - a potion of invisibility {unknown}
 j - a potion of flight {unknown}
 l - 3 potions of curing
 n - a potion of haste {unknown}
 p - a potion of agility {unknown}
 s - a potion of ambrosia {unknown}
 u - a potion of mutation
 D - a potion of might {unknown}
Books
 b - a book of Flames

   Spells                             Type                      Level
   a - Flame Tongue                   Conjuration/Fire             1
   b - Throw Flame                    Conjuration/Fire             2
   c - Conjure Flame                  Conjuration/Fire             3
   d - Inner Flame                    Hexes/Fire                   3
   e - Sticky Flame                   Conjuration/Fire             4
   f - Fireball                       Conjuration/Fire             5
 x - a book of Minor Magic

   Spells                             Type                      Level
   a - Magic Dart                     Conjuration                  1
   b - Blink                          Translocation                2
   c - Call Imp                       Summoning                    2
   d - Repel Missiles                 Charms/Air                   2
   e - Slow                           Hexes                        2
   f - Conjure Flame                  Conjuration/Fire             3
   g - Mephitic Cloud                 Conjuration/Poison/Air       3
Comestibles
 c - 5 bread rations
 d - 5 slices of pizza
 o - 5 fruits
 q - a meat ration


   Skills:
 - Level 1.7(0.0) Dodging
 - Level 1.7(0.0) Stealth
 + Level 8.1(3.9) Spellcasting
 + Level 8.3(4.1) Conjurations
 + Level 8.3(4.1) Fire Magic


You had 7 spell levels left.
You knew the following spells:

 Your Spells              Type           Power        Failure   Level  Hunger
a - Flame Tongue          Conj/Fire      ###..        1%          1    None
b - Conjure Flame         Conj/Fire      ###.....     8%          3    ###....
c - Blink                 Tloc           N/A          21%         2    #......
d - Sticky Flame          Conj/Fire      ###.....     21%         4    ####...
e - Fireball              Conj/Fire      ###.......   63%         5    ######.
f - Mephitic Cloud        Conj/Pois/Air  ##......     21%         3    ###....


Dungeon Overview and Level Annotations

Branches:
Dungeon (8/15)             Temple (1/1) D:5
   Lair: D:8-11

Altars:
Ashenzari
Cheibriados
Dithmenos
Elyvilon
Fedhas
Gozag
Hepliaklqana
Kikubaaqudgha
Makhleb
Nemelex Xobeh
Okawaru
Qazlal
Ru
Sif Muna
Trog
Uskayaw
Vehumet
Xom
Yredelemnul
Zin
The Shining One

Annotations:
D:7 1 runed door Bailey functor's ghost, novice MiFi; mg7810's ghost, journeyman MiFi


Innate Abilities, Weirdness & Mutations

You have a pair of small horns on your head.
You have a somewhat thin skeletal structure. (Dex +2, Stealth)
You regenerate a little health from kills.
When hurt, damage is shared between your health and your magic reserves.
You regenerate magic rapidly.


Message History

* * * LOW HITPOINT WARNING * * *
Unknown command.
You are too injured to fight recklessly!
You feel a strong urge to attack something.
You are no longer berserk.
You are exhausted.
You feel yourself slow down.
You feel better. You block functor's ghost's attack.
You feel better. Functor's ghost barely misses you. Functor's ghost hits you!
* * * LOW HITPOINT WARNING * * *
You feel drained.
* * * LOW HITPOINT WARNING * * *
You feel better. Functor's ghost hits you!
* * * LOW HITPOINT WARNING * * *
You feel drained.
* * * LOW HITPOINT WARNING * * *
It was a potion of resistance.
You feel protected. Functor's ghost hits you!
You die...

#### ##.@##
#..W.#
#....#
##..###+
##. ###)..#
..##
#.....#
....#
#.....#
....#
#.....#....
##....#..


You could see functor's ghost.

Vanquished Creatures
  3 deep elf magi (Bailey)
  Joseph (D:7)
  A hungry ghost (D:7)
  2 orc warriors (D:6)
  A black bear (D:7)
  An ice beast (D:5)
  2 sky beasts
  A phantom (D:7)
  3 ogres
  A centaur (D:5)
  4 bullfrogs
  2 scorpions (D:7)
  3 killer bees (D:7)
  3 crimson imps
  2 orc priests
  2 hounds
  10 orc wizards
  Crazy Yiuf (D:7)
  A bullfrog skeleton (D:6)
  An iguana (D:7)
  7 worker ants
  The ghost of Spectrina the Grave Robber, a weakling DgNe (D:3)
  A hound zombie (D:6)
  Robin (D:3)
  13 adders
  An ooze (D:3)
  3 adder skeletons
  2 worms
  5 dart slugs
  6 leopard geckos
  22 orcs
  11 giant cockroaches
  9 goblins
  9 hobgoblins
  3 jackals
  2 quokkas (D:3)
  2 ball pythons
  13 bats
  5 frilled lizards
  7 kobolds
  A quokka zombie (D:7)
  7 rats
176 creatures vanquished.

Notes
Turn   | Place    | Note
-------+----------+-------------------------------------------
     0 | D:1      | Dfrag the Demonspawn Fire Elementalist began the quest for the Orb.
     0 | D:1      | Reached XP level 1. HP: 13/13 MP: 3/3
   233 | D:1      | Gained mutation: You regenerate a little health from kills. [demonic ancestry]
   233 | D:1      | Reached XP level 2. HP: 13/19 MP: 3/5
   612 | D:1      | Gained mutation: When hurt, damage is shared between your health and your magic reserves. [demonic ancestry]
   612 | D:1      | Reached XP level 3. HP: 23/24 MP: 0/6
  1224 | D:2      | You fall through a shaft!
  1412 | D:3      | Gained mutation: You regenerate magic rapidly. [demonic ancestry]
  1412 | D:3      | Reached XP level 4. HP: 16/30 MP: 0/8
  1613 | D:3      | Noticed Robin
  1667 | D:3      | Killed Robin
  1992 | D:3      | Reached XP level 5. HP: 23/35 MP: 6/10
  2114 | D:3      | Noticed Spectrina's ghost (weakling DgNe)
  2120 | D:3      | Killed Spectrina's ghost
  2416 | D:4      | Learned a level 3 spell: Conjure Flame
  2419 | D:4      | Learned a level 2 spell: Blink
  2424 | D:4      | Learned a level 4 spell: Sticky Flame
  2506 | D:4      | Gained mutation: You have a somewhat thin skeletal structure. (Dex +2, Stealth) [demonic ancestry]
  2506 | D:4      | Reached XP level 6. HP: 24/41 MP: 1/12
  3439 | D:5      | Entered Level 5 of the Dungeon
  3488 | D:5      | Noticed an ice beast
  3493 | D:5      | Killed an ice beast
  3493 | D:5      | Reached XP level 7. HP: 46/46 MP: 14/14
  3548 | D:5      | Found a staircase to the Ecumenical Temple.
  3559 | Temple   | Entered the Ecumenical Temple
  3604 | Temple   | Became a worshipper of Makhleb the Destroyer
  3739 | D:5      | Reached skill level 5 in Fire Magic
  3745 | D:5      | Gained mutation: Your body sometimes deteriorates upon taking damage. [mutagenic meat]
  3746 | D:5      | Gained mutation: Your flesh is cold resistant. (rC+) [mutagenic meat]
  3747 | D:5      | Gained mutation: You have large cloven feet. [mutagenic meat]
  3748 | D:5      | Gained mutation: You are somewhat resistant to further mutation. [mutagenic meat]
  3787 | D:5      | Reached skill level 5 in Spellcasting
  4180 | D:6      | Reached skill level 5 in Conjurations
  4262 | D:6      | Gained mutation: You have a pair of small horns on your head. [demonic ancestry]
  4262 | D:6      | Reached XP level 8. HP: 52/52 MP: 16/16
  4518 | D:6      | Reached * piety under Makhleb
  4960 | D:7      | Noticed Joseph
  4996 | D:7      | Learned a level 3 spell: Mephitic Cloud
  5002 | D:7      | Learned a level 5 spell: Fireball
  5080 | D:7      | Reached XP level 9. HP: 31/57 MP: 12/19
  5097 | D:7      | Lost mutation: Your body sometimes deteriorates upon taking damage. [mutagenic meat]
  5108 | D:7      | Found a runed door.
  5234 | D:7      | Found a runed door.
  5397 | D:7      | Killed Joseph
  5563 | D:7      | Reached ** piety under Makhleb
  5821 | D:7      | Found a runed door.
  5825 | D:7      | Noticed Crazy Yiuf
  5829 | D:7      | Killed Crazy Yiuf
  5979 | D:8      | Found a flagged portal.
  5985 | Bailey   | Entered a bailey
  5985 | Bailey   | Noticed functor's ghost (novice MiFi)
  5998 | Bailey   | Noticed a deep elf mage
  5998 | Bailey   | Noticed a deep elf mage
  5999 | Bailey   | Noticed a deep elf mage
  6000 | Bailey   | Noticed a deep elf mage
  6004 | Bailey   | Noticed mg7810's ghost (journeyman MiFi)
  6007 | Bailey   | Killed a deep elf mage
  6008 | Bailey   | Noticed a deep elf mage
  6009 | Bailey   | Killed a deep elf mage
  6016 | Bailey   | Killed a deep elf mage
  6016 | Bailey   | Reached XP level 10. HP: 46/63 MP: 6/22
  6022 | Bailey   | Gained mutation: You are covered in fur. (AC +1) [potion of mutation]
  6023 | Bailey   | Lost mutation: You are covered in fur. (AC +1) [potion of cure mutation]
  6023 | Bailey   | Lost mutation: Your flesh is cold resistant. (rC+) [potion of cure mutation]
  6023 | Bailey   | Lost mutation: You are somewhat resistant to further mutation. [potion of cure mutation]
  6023 | Bailey   | Lost mutation: You have large cloven feet. [potion of cure mutation]
  6043 | Bailey   | Slain by functor's ghost

Skill      XL: |  1  2  3  4  5  6  7  8  9 |
---------------+----------------------------+-----
Fire Magic     | 3 4 5 6 8 |  8.3
Conjurations   | 2 3 4 5 6 8 |  8.3
Spellcasting   | 3 4 5 6 8 |  8.1
Dodging        | |  1.7
Stealth        | |  1.7

Action                   |  1- 3 |  4- 6 |  7- 9 | 10-12 || total
-------------------------+-------+-------+-------+-------++-------
Melee: Unarmed           |    58 |       |       |       ||    58
       Falchion          |       |    60 |   204 |    13 ||   277
       Kick              |       |       |    59 |       ||    59
       Headbutt          |       |       |    24 |     3 ||    27
 Cast: Flame Tongue      |    68 |   126 |   118 |       ||   312
       Sticky Flame      |       |     4 |    32 |       ||    36
       Mephitic Cloud    |       |       |     2 |       ||     2
       Blink             |       |       |     2 |       ||     2
       Fireball          |       |       |     1 |       ||     1
  Use: Scroll            |       |       |     8 |       ||     8
       Potion            |       |       |       |     7 ||     7
 Stab: Sleeping          |       |       |     2 |       ||     2
  Eat: Chunk             |     2 |     7 |    23 |     1 ||    33
       Beef jerky        |       |       |     1 |       ||     1
Armor: Robe              |    11 |    45 |    86 |     1 ||   143
Dodge: Dodged            |    59 |   110 |   168 |     4 ||   341
Block: Other             |       |       |    55 |     2 ||    57
       Rpst.: Falchion   |       |    43 |    60 |     1 ||   104
